 Dungeon Crawl Stone Soup version 0.30.1-4-g462c640d31 (webtiles) character file.

Game seed: 15507834569999907906

1050 spardeous the Conjurer (level 7, -1/48 (50) HPs)
             Began as a Demigod Conjurer on Aug 15, 2023.
             Slain by a wight
             ... wielding a +2 scimitar
              (15 damage)
             ... in an ossuary.
             The game lasted 00:07:21 (7004 turns).

spardeous the Conjurer (Demigod Conjurer)           Turns: 7004, Time: 00:07:22

HP:   -1/48 (50)    AC:  5    Str: 12    XL:     7   Next: 76%
MP:   14/19         EV: 11    Int: 24    God:
Gold: 308           SH:  0    Dex:  7    Spells: 11/18 levels left

rFire   + + .        h - +4 short sword (holy)
rCold   . . .        (no shield)
rNeg    . . .        C - +2 robe "Xesak" {rF++ Dex-5}
rPois   .            B - +0 helmet
rElec   .            (no cloak)
rCorr   +            (no gloves)
SInv    +            (no boots)
Will    .....        (no amulet)
Stlth   +            m - ring of see invisible
HPRegen 0.28/turn    A - ring of resist corrosion
MPRegen 0.16/turn

%: no passive effects
@: lightly drained
A: high MP 1, forlorn, divine attributes
a: no special abilities


You were in an ossuary.
You visited 1 branch of the dungeon, and saw 5 of its levels.
You also visited: Ossuary.

You collected 308 gold pieces.

Inventory:

Hand Weapons
 h - a +4 short sword of holy wrath (weapon)
Missiles
 v - a throwing net
Armour
 a - a +0 robe
 s - a +0 kite shield
 t - a +0 ring mail
 w - the +0 robe of Ru's Esteem {rN+ Regen+}
   (You took it off a gnoll on level 3 of the Dungeon)

   rN:        It protects you from negative energy.
   Regen:     It increases your rate of health regeneration.
 z - a +3 leather armour of fire resistance
 B - a +0 helmet (worn)
 C - the +2 robe "Xesak" (worn) {rF++ Dex-5}
   (You found it on level 5 of the Dungeon)

   Dex:       It affects your dexterity (-5).
   rF:        It greatly protects you from fire.
Jewellery
 m - a ring of see invisible (left hand)
 A - a ring of resist corrosion (right hand)
Wands
 r - a wand of mindburst (14)
 y - a wand of quicksilver (3)
 J - a wand of polymorph (11)
Scrolls
 d - 3 scrolls of teleportation {unknown}
 f - 6 scrolls of identify {unknown}
 g - 3 scrolls of fear {unknown}
 i - a scroll of silence {unknown}
 j - 3 scrolls of immolation {unknown}
 n - a scroll of torment {unknown}
 p - 2 scrolls of acquirement {unknown}
 u - 2 scrolls of enchant weapon {unknown}
 x - 3 scrolls of magic mapping {unknown}
 G - a scroll of vulnerability {unknown}
 K - a scroll of noise {unknown}
Potions
 b - 4 potions of magic
 c - 4 potions of heal wounds {unknown}
 e - 2 potions of mutation {unknown}
 k - 4 potions of curing {unknown}
 l - 3 potions of degeneration {unknown}
 o - a potion of attraction {unknown}
 q - a potion of lignification {unknown}
 D - a potion of haste {unknown}
 E - a potion of brilliance {unknown}
 F - 3 potions of berserk rage {unknown}
 H - a potion of ambrosia {unknown}
 I - a potion of flight {unknown}


   Skills:
 - Level 1.7 Dodging
 - Level 1.7 Stealth
 - Level 6.0 Spellcasting
 - Level 6.0 Conjurations
 + Level 2.9 Translocations


You had 11 spell levels left.
You knew the following spells:

 Your Spells              Type           Power      Damage    Failure   Level
a - Magic Dart            Conj           100%       1d8       1%          1
b - Searing Ray           Conj           72%        2d7       1%          2
c - Iskenderun's Mystic   Conj/Tloc      28%        2d7       12%         4

Your spell library contained the following spells:

 Spells                   Type           Power      Damage    Failure   Level
 Kiss of Death            Conj/Necr      84%        2d11      2%          1
 Shock                    Conj/Air       84%        1d8       2%          1
 Dazzling Flash           Conj/Hex       42%        N/A       7%          3
 Beastly Appendage        Tmut           14%        N/A       8%          1
 Volatile Blastmotes      Fire/Tloc      28%        2d12      13%         3
 Fulminant Prism          Conj/Hex       10%        3d8       22%         4
 Confusing Touch          Hex            7%         N/A       24%         3
 Swiftness                Air            7%         N/A       24%         3
 Airstrike                Air            3%         2d(1-17)  61%         4
 Dispel Undead            Necr           7%         3d8       61%         4
 Petrify                  Tmut/Erth      7%         N/A       61%         4
 Yara's Violent Unravell  Hex/Tmut       3%         3d4       91%         5
 Starburst                Conj/Fire      10%        6d5       98%         6


Dungeon Overview and Level Annotations

Branches:
Dungeon (5/15)             Temple (0/1) D:4         Ossuary (1/1)

Shops:
D:4 *


Innate Abilities, Weirdness & Mutations

You have an increased reservoir of magic. (+10% MP)
You shall have no god before yourself.
Your divine heritage dramatically boosts your attributes as you level up.


Message History

There is an open door here.
The flying skull gives a hideous shriek!
You open the door.
There is an open door here.
F - a bubbling orange potion
u - 2 scrolls labelled XENYUCLIOD (gained 1)
G - a scroll labelled VAINTU WYMEMUMI
F - 3 bubbling orange potions (gained 2)
d - 3 scrolls labelled OCWEGH SINIPT (gained 1)
H - a puce potion
I - a smoky pink potion
J - a wand of polymorph (11)
K - a scroll labelled QOTSIE NUUFOE The flying skull gives a hideous shriek!
You open the door.
A wight comes into view. It is wielding a +2 scimitar.
A wight is nearby!
A wight is nearby!
A wight is nearby!
Casting: Searing Ray (safe; 1% risk of failure)
Confirm with . or Enter, or press ? or * to list all spells.
Aiming: Searing Ray (safe; 1% risk of failure)
Press: ? - help, Shift-Dir - straight line, f - wight
Aim: a wight, wielding a +2 scimitar and wearing a +0 robe (dormant, 100% to hit)
The searing ray hits the wight.
The wight is lightly damaged. (Press . to maintain the ray.)
You now have 17/19 mp.
The searing ray hits the wight.
The wight is moderately damaged.
The wight hits you with a +2 scimitar!!
You feel drained.
You take 25 damage, and have 25/48 hp.
MASSIVE DAMAGE!!
You now have 16/19 mp.
The searing ray misses the wight.
The wight hits you with a +2 scimitar!
* * * LOW HITPOINT WARNING * * *
You take 11 damage, and have 14/48 hp.
MASSIVE DAMAGE!!
You now have 15/19 mp.
The searing ray hits the wight.
The wight is severely damaged.
You finish channelling your searing ray.
The wight hits you with a +2 scimitar!
You die...

###########
#@.........
#.z##.###.#
#.#.#.# .# #
#.###.###.###.#
#.............#
#.............#
#.###.....###
#.#z#.....# #
#.###.....###.#


You could see a flying skull and a wight.

Vanquished Creatures
  An ogre (D:4)
  2 phantoms
  A bullfrog (D:3)
  A gnoll sergeant (D:3)
  A wight (Ossuary)
  A jelly (D:4)
  3 hounds
  Ijyb (D:4)
  2 orc wizards
  Robin (D:4)
  23 gnolls (D:3)
  5 adders
  A shadow imp (D:5)
  An ufetubus (D:5)
  3 dart slugs
  21 orcs
  7 endoplasms
  8 giant cockroaches
  18 goblins
  4 hobgoblins
  16 jackals
  6 quokkas
  8 ball pythons
  5 ball python skeletons (Ossuary)
  2 bats
  4 frilled lizards
  3 hobgoblin zombies (Ossuary)
  4 kobolds
  An orc zombie (Ossuary)
  5 rats
159 creatures vanquished.

Notes
Turn   | Place    | Note
-------+----------+-------------------------------------------
     0 | D:1      | spardeous the Demigod Conjurer began the quest for the Orb.
     0 | D:1      | Reached XP level 1. HP: 14/14 MP: 5/5
   366 | D:1      | Reached XP level 2. HP: 20/20 MP: 5/7
  1334 | D:2      | Reached XP level 3. HP: 26/26 MP: 3/9
  1542 | D:2      | Got the Atlas of Moulding
  2595 | D:3      | Learned a level 2 spell: Searing Ray
  2663 | D:3      | Reached XP level 4. HP: 33/33 MP: 9/11
  3090 | D:3      | Learned a level 4 spell: Iskenderun's Mystic Blast
  3201 | D:3      | Noticed a gnoll sergeant
  3227 | D:3      | Reached skill level 5 in Conjurations
  3227 | D:3      | Reached XP level 5. HP: 27/38 MP: 3/13
  3693 | D:3      | Identified the +0 robe of Ru's Esteem {rN+ Regen+}
  3703 | D:3      | Reached XP level 6. HP: 45/45 MP: 7/15
  4982 | D:4      | Found Zin's Purification Station.
  5369 | D:4      | Reached skill level 5 in Spellcasting
  5369 | D:4      | Reached XP level 7. HP: 50/50 MP: 12/18
  5630 | D:4      | Noticed Robin
  5643 | D:4      | Killed Robin
  5861 | D:4      | Noticed Ijyb
  5871 | D:4      | Killed Ijyb
  6177 | D:4      | Found a staircase to the Ecumenical Temple.
  6430 | D:5      | Entered Level 5 of the Dungeon
  6431 | D:5      | Identified the +2 robe "Xesak" {rF++ Dex-5}
  6494 | D:5      | Reached skill level 1 in Translocations
  6594 | D:5      | Found a sand-covered staircase.
  6606 | Ossuary  | Entered an ossuary
  6957 | Ossuary  | Noticed a wraith
  6957 | Ossuary  | Noticed a flying skull
  6992 | Ossuary  | Noticed a flying skull
  7004 | Ossuary  | Slain by a wight

Illustrated notes

Levels and vault maps discovered:
D:1:      ncdulo_halloftheorcs, layout_loops_ring, hangedman_decor_growths,
          nrook_loot_triangle, minivault_24
D:2:      layout_loops_ring, shapermc_ecumenical_altar_mp_ritualfount,
          basic_altar, amethyst_killhole, minmay_misc_feat_room,
          chequers_serial_rivers_large_a
D:3:      lemuel_castle_with_subvaults [lemuel_castle_interior_original],
          layout_basic, serial_bayou_pond_c
D:4:      layout_basic, zin_purify, minmay_temple_entry_fiery,
          kennysheep_small_spiral, uniq_ijyb, uniq_robin
D:5:      layout_cave_pools, serial_glass, glass_columns_a, glass_columns_a,
          glass_columns_a, glass_columns_b, glass_columns_c, glass_columns_a,
          glass_columns_a, glass_columns_b, glass_columns_a, glass_columns_b,
          glass_columns_a, glass_columns_b, glass_columns_a, glass_columns_a,
          nicolae_ossuary_entry_monument
Ossuary:  ossuary_due_cavern

Skill      XL: |  1  2  3  4  5  6  7 |
---------------+----------------------+-----
Spellcasting   | 2 3 4 5 6 |  6.0
Conjurations   | 4 5 6 |  6.0
Translocations | 2 |  2.9
Dodging        | |  1.7
Stealth        | |  1.7

Action                     |  1- 3 |  4- 6 |  7- 9 || total
---------------------------+-------+-------+-------++-------
  Melee: Short sword       |    23 |     1 |       ||    24
         Punch             |     1 |       |       ||     1
   Cast: Magic Dart        |    96 |    89 |    50 ||   235
         Searing Ray       |     1 |    30 |    20 ||    51
 Armour: Robe              |    10 |     1 |     3 ||    14
         Ring mail         |       |     6 |       ||     6
  Dodge: Dodged            |    27 |    27 |    11 ||    65
